 Dungeon Crawl Stone Soup version 0.30-a0-696-g2367cd04db (webtiles) character file.

Game seed: 6036596327925385275

2702 kae the Changer (level 9, -4/55 (59) HPs)
             Began as a Demonspawn Transmuter on Jan 20, 2023.
             Slain by a wight
             ... wielding a +4 morningstar of freezing
              (5 damage)
             ... on level 7 of the Dungeon.
             The game lasted 00:09:41 (5899 turns).

kae the Changer (Demonspawn Transmuter)             Turns: 5899, Time: 00:09:41

HP:   -4/55 (59)    AC:  6    Str: 10    XL:     9   Next: 38%
MP:   16/16         EV: 12    Int: 19    God:
Gold: 335           SH:  4    Dex: 14    Spells: 3/18 levels left

rFire   . . .      SeeInvis .      - Unarmed
rCold   . . .      Faith    +    (shield currently unavailable)
rNeg    . . .      Spirit   .    a - +1 robe
rPois   .          Reflect  .    (no helmet)
rElec   .          Harm     .    (no cloak)
rCorr   .          Rampage  .    (gloves currently unavailable)
Will    .....                    j - +0 pair of boots
Stlth   +                        T - amulet of faith {!P}
HPRegen 0.29/turn                z - ring of wizardry
MPRegen 0.15/turn                Z - ring of wizardry

@: blade hands, flying, drained
A: claws 1, thin metallic scales 1, powered by pain 3, condensation shield
a: End Transformation


You were on level 7 of the Dungeon.
You had blades for hands.
You visited 2 branches of the dungeon, and saw 8 of its levels.

You collected 335 gold pieces.


Innate Abilities, Weirdness & Mutations

You have blades for hands.
Your spellcasting is less reliable in this form.
You are incapable of wielding weapons or throwing items.
You have sharp fingernails.
You are partially covered in thin metallic scales. (AC +2)
You are powered by pain.
A meltable shield of frost defends you. (SH +4)


   Skills:
 - Level 1.0 Fighting
 - Level 1.7 Dodging
 + Level 5.5 Unarmed Combat
 + Level 5.2 Spellcasting
 * Level 7.1 Transmutations
 * Level 5.6 Ice Magic
 - Level 3.0 Poison Magic


You had 3 spell levels left.
You knew the following spells:

 Your Spells              Type           Power      Damage    Failure   Level
a - Beastly Appendage     Tmut           64%        N/A       3%          1
b - Wereblood             Tmut           32%        N/A       4%          2
c - Spider Form           Tmut/Pois      24%        N/A       9%          3
d - Ice Form              Ice/Tmut       29%        N/A       13%         4
e - Blade Hands           Tmut           16%        N/A       19%         5

Your spell library contained the following spells:

 Spells                   Type           Power      Damage    Failure   Level
 Sting                    Tmut/Pois      96%        1d7       5%          1
 Poisonous Vapours        Pois/Air       20%        N/A       13%         2
 Necrotise                Necr           16%        1d4       16%         1
 Slow                     Hex            16%        N/A       16%         1
 Call Canine Familiar     Summ           4%         N/A       32%         3
 Confusing Touch          Hex            4%         N/A       32%         3
 Portal Projectile        Hex/Tloc       8%         N/A       32%         3
 Tukima's Dance           Hex            4%         N/A       32%         3
 Vampiric Draining        Necr           4%         2d6       32%         3
 Olgreb's Toxic Radiance  Pois           16%        N/A       30%         4
 Leda's Liquefaction      Hex/Erth       2%         N/A       58%         4
 Agony                    Necr           4%         N/A       85%         5

Inventory:

Missiles
 c - 70 stones
 k - 3 boomerangs
 p - 15 poisoned darts
Armour
 a - a +1 robe (worn)
 b - a +1 pair of gloves (melded)
   (You found it on level 5 of the Dungeon)
 j - a +0 pair of boots (worn)
   (You found it on level 1 of the Dungeon)
Jewellery
 n - the amulet of Elemental Vulnerability {rPois rF-- rC-- AC+8}
   (You took it off an orc on level 5 of the Dungeon)

   [amulet of nothing]

   AC:        It affects your AC (+8).
   rF:        It makes you very vulnerable to fire.
   rC:        It makes you very vulnerable to cold.
   rPois:     It protects you from poison.
 z - a ring of wizardry (left blade hand)
   (You found it on level 5 of the Dungeon)
 C - a ring of protection from cold
   (You found it on level 1 of the Dungeon)
 F - a ring of fire
   (You found it on level 1 of the Dungeon)
 T - an amulet of faith (around neck) {!P}
   (You found it on level 1 of the Dungeon)
 Z - a ring of wizardry (right blade hand)
   (You found it on level 3 of the Dungeon)
Scrolls
 f - 2 scrolls of enchant weapon
 h - a scroll of fog
 l - 2 scrolls of immolation {!r!r}
 m - 3 scrolls of blinking {!r}
 o - 4 scrolls of teleportation {@r4}
 q - a scroll of poison {!r}
 s - a scroll of enchant armour
 u - 2 scrolls of brand weapon
Potions
 d - 2 potions of brilliance
 e - 6 potions of curing {@q1}
 g - 2 potions of cancellation
 i - a potion of haste {@q3}

Dungeon Overview and Level Annotations

Branches:
Dungeon (7/15) Zot: 24291  Temple (1/1) D:6 Zot: 5976

Altars:
Ashenzari
Dithmenos
Hepliaklqana
Makhleb
Nemelex Xobeh
Okawaru
Qazlal
Ru
Trog
Vehumet
Wu Jian
Xom
Yredelemnul

Shops:
D:1

? #...........
...8...8... #
#....8....?
#.#.#.......!.#
#KKzz..YK..#
..KK.K.zK#
########K#
####z#
##.##@#######
#.#..........
##.#.########
#.#.# ## #.#.#
.. ##.#.# ##
##.#..#
#.###.###
#..#..♣.#


You could see a sky beast, 2 wights and 3 kobolds.


Message History

😮 HP[+1] Unknown command.
You feel a little less agile now.
Key pressed, stopping explore.
Unknown command. 😮 HP[+3] MP[+2]
You regained 3 hp, and now have 41/59 hp.
Your mp is fully restored (16).
A shadow imp comes into view. 😕 HP[+10]
You regained 10 hp, and now have 51/59 hp.
Unknown command.
A shadow imp is nearby!
A shadow imp is nearby!
A shadow imp is nearby!
Casting: Blade Hands (dangerous; 4% risk of failure)
Confirm with . or Enter, or press ? or * to list all spells.
Your hands turn into razor-sharp scythe blades.
Your +1 pair of gloves melds into your body.
The shadow imp shouts!
Your transformation is almost over. 😕 MP[-5]
You lost 5 mp, and now have 11/16 mp.
A shadow imp is nearby!
No target in view!
A shadow imp is nearby! 😕 HP[+1]
You hit the shadow imp. The shadow imp hits you.
A shadow imp is nearby!
A shadow imp is nearby!
You slash the shadow imp! Your slash misses the shadow imp.
The shadow imp closely misses you.
You slash the shadow imp!
You kill the shadow imp! 😕 HP[-4] MP[+1]
You take 4 damage, and now have 48/59 hp.
Your claws revert to their normal proportions.
Your +1 pair of gloves unmelds from your body.
Key pressed, stopping explore.
Unknown command. 😕 HP[+1]
c - 70 stones (gained 3) Key pressed, stopping explore.
No target in view!
No target in view! 😕 HP[+6] MP[+4]
You regained 6 hp, and now have 55/59 hp.
Your mp is fully restored (16).
A wight comes into view.
It is wielding a +4 morningstar of freezing. 😎 HP[+4]
Your hp is fully restored (59). 5 kobolds and 2 wights come into view.
A wight is wielding a +5 falchion of freezing.
The kobold shouts! x4; You hear a shout! x2
A kobold brigand comes into view.
It is wielding a +0 short sword and quivering curare-tipped darts.
A sky beast comes into view.
The wight hits you with a +4 morningstar of freezing!
The wight freezes you.
A kobold comes into view. It is wielding a +0 dagger.
There are monsters nearby!
Unknown command.
There are monsters nearby!
There are monsters nearby!
There are monsters nearby! 😕 HP[-14]
You take 14 damage, and now have 45/59 hp.
MASSIVE DAMAGE!! (PAUSE) 😕 HP[+1]
The wight attacks as you move away!
The wight hits you with a +4 morningstar of freezing.
The wight freezes you. 😮 HP[-8]
You take 8 damage, and now have 38/59 hp.
Casting: Blade Hands (dangerous; 4% risk of failure)
Confirm with . or Enter, or press ? or * to list all spells.
Your hands turn into razor-sharp scythe blades.
Your +1 pair of gloves melds into your body.
The wight hits you with a +4 morningstar of freezing!
* * * LOW HITPOINT WARNING * * *
You focus on the pain.
You feel your power returning.
You feel drained.
* * * LOW HITPOINT WARNING * * *
The wight freezes you.
* * * LOW HITPOINT WARNING * * *
The wight barely misses you.
You hit the wight.
The wight hits you with a +4 morningstar of freezing!
* * * LOW HITPOINT WARNING * * *
You feel drained.
* * * LOW HITPOINT WARNING * * *
The wight freezes you.
* * * LOW HITPOINT WARNING * * *
😱 HP[-37]
You now have 55 max hp (-4).
You take 37 damage, and now have 1/55 hp.
MASSIVE DAMAGE!! (PAUSE)
You feel very buoyant.
You fly up into the air.
The wight hits you with a +4 morningstar of freezing.
You die...

Skill      XL: |  1  2  3  4  5  6  7  8  9 |
---------------+----------------------------+-----
Transmutations | 2 3 4 5 6 7 |  7.1
Unarmed Combat | 3 4 5 |  5.5
Poison Magic   | 1 2 3 |  3.0
Spellcasting   | 3 4 5 |  5.2
Ice Magic      | 1 3 5 |  5.6
Fighting       | |  1.0
Dodging        | |  1.7

Action                   |  1- 3 |  4- 6 |  7- 9 || total
-------------------------+-------+-------+-------++-------
Melee: Unarmed           |   173 |   120 |   182 ||   475
       Kick              |    22 |     5 |       ||    27
       Headbutt          |     8 |     2 |       ||    10
       Punch             |     4 |     2 |     1 ||     7
 Cast: Beastly Appendage |    30 |    13 |       ||    43
       Spider Form       |     1 |    10 |       ||    11
       Wereblood         |       |     1 |     5 ||     6
       Ice Form          |       |     2 |    12 ||    14
       Blade Hands       |       |       |    11 ||    11
 Abil: End Transformatio |       |       |     1 ||     1
  Use: Scroll            |     8 |     1 |     7 ||    16
       Potion            |       |     2 |     1 ||     3
 Stab: Sleeping          |     2 |       |       ||     2
Armor: Robe              |    22 |    12 |    14 ||    48
       Skin              |       |    12 |    22 ||    34
Dodge: Dodged            |    87 |    77 |   100 ||   264
Block: Other             |    23 |    17 |    33 ||    73

Levels and vault maps discovered:
D:1:      dpeg_arrival_pond, layout_basic, serial_shops, nicolae_lakefront_shop,
          minmay_tetromino_i4
D:2:      layout_loops_corners, shapermc_ecumenical_altar_flowoftime,
          supply_closet_lemuel
D:3:      layout_rooms, minmay_starry_boxes
D:4:      layout_cave_pools, kennysheep_little_box, uniq_blork_the_orc
D:5:      layout_rooms, mainiacjoe_overflow_brackets, fountainhead,
          minmay_joined_circles, uniq_menkaure
D:6:      layout_layer_cave, regret_index_temple_of_mockery,
          gammafunk_temple_overflow_pools, temple_pool_b, dk_noncrumbling_3,
          uniq_eustachio, uniq_crazy_yiuf_cottage, uniq_pikel, uniq_grinder
D:7:      layout_loops_ring, nicolae_uskayaw_dance_hall, old_standard_altar,
          nicolae_kikubaaqudgha_miasma_corner, serial_demonic, serial_demonic_g,
          serial_demonic_a, serial_demonic_e, serial_demonic_d,
          serial_demonic_b, serial_demonic_f, serial_demonic_b,
          nicolae_ossuary_entry_giza
Temple:   hellmonk_temple_rainy

Notes
Turn   | Place    | Note
-------+----------+-------------------------------------------
     0 | D:1      | kae the Demonspawn Transmuter began the quest for the Orb.
     0 | D:1      | Reached XP level 1. HP: 15/15 MP: 3/3
     0 | D:1      | magus.rc [v1.11.3]
    33 | D:1      | Reached skill level 2 in Transmutations
    73 | D:1      | Gained mutation: A meltable shield of frost defends you.
                  | (SH +4) [demonic ancestry]
    73 | D:1      | Reached XP level 2. HP: 6/21 MP: 3/5
   165 | D:1      | You pick up a book of Weapons and begin reading...
   165 | D:1      | You add the spells Tukima's Dance, Portal Projectile and
                  | Blade Hands to your library.
   309 | D:1      | Found Witaidghi's Magic Scroll Boutique.
   411 | D:1      | Reached skill level 3 in Unarmed Combat
   413 | D:1      | You pick up a book of Necromancy and begin reading...
   413 | D:1      | You add the spells Necrotise, Vampiric Draining and Agony
                  | to your library.
   439 | D:1      | Reached XP level 3. HP: 7/26 MP: 4/6
   439 | D:1      | HP: 4/26 [hobgoblin (4)]
  1060 | D:2      | Found a faded altar of an unknown god.
  1626 | D:2      | Learned a level 2 spell: Wereblood
  1630 | D:2      | Learned a level 3 spell: Spider Form
  1938 | D:3      | Reached skill level 3 in Transmutations
  1965 | D:3      | Gained mutation: You have sharp fingernails. [demonic
                  | ancestry]
  1965 | D:3      | Reached XP level 4. HP: 26/32 MP: 5/7
  2334 | D:3      | Reached skill level 1 in Poison Magic
  2650 | D:3      | Reached XP level 5. HP: 26/37 MP: 6/9
  2852 | D:4      | Reached skill level 2 in Poison Magic
  2906 | D:4      | You fall into a shaft and drop 3 floors!
  2924 | D:7      | Found a burning altar of Makhleb.
  2980 | D:6      | Noticed a water moccasin
  2994 | D:6      | HP: 13/55 [poisoned by a water moccasin]
  2997 | D:6      | Killed a water moccasin
  2998 | D:6      | Reached skill level 3 in Spellcasting
  2998 | D:6      | Gained mutation: You sometimes gain a little power by
                  | taking damage. [demonic ancestry]
  2998 | D:6      | Reached XP level 6. HP: 9/43 MP: 7/10
  2999 | D:6      | HP: 7/64 [poisoned by a water moccasin]
  3004 | D:6      | HP: 3/64 [poisoned by a water moccasin]
  3150 | D:5      | Entered Level 5 of the Dungeon
  3241 | D:4      | Noticed Blork the orc
  3253 | D:4      | Killed Blork the orc
  3254 | D:4      | Reached skill level 4 in Transmutations
  3254 | D:4      | Reached skill level 3 in Poison Magic
  3270 | D:4      | Learned a level 4 spell: Ice Form
  3400 | D:4      | Reached skill level 1 in Ice Magic
  3503 | D:4      | Found a basalt altar of Yredelemnul.
  3553 | D:4      | Reached skill level 4 in Unarmed Combat
  3553 | D:4      | Gained mutation: You sometimes gain power by taking damage.
                  | [demonic ancestry]
  3553 | D:4      | Reached XP level 7. HP: 48/48 MP: 3/12
  3717 | D:5      | Noticed Menkaure
  3726 | D:5      | Killed Menkaure
  3727 | D:5      | Reached skill level 2 in Ice Magic
  3952 | D:5      | Reached skill level 5 in Transmutations
  3968 | D:5      | Identified the +5 leather armour of the Monk {rPois Str+3
                  | Dex+4}
  4027 | D:5      | Reached skill level 4 in Spellcasting
  4027 | D:5      | Reached skill level 3 in Ice Magic
  4130 | D:5      | Found a shadowy altar of Dithmenos.
  4167 | D:5      | Gained mutation: You are powered by pain. [demonic
                  | ancestry]
  4167 | D:5      | Reached XP level 8. HP: 54/54 MP: 10/14
  4314 | D:5      | You add the spells Sting, Poisonous Vapours and Olgreb's
                  | Toxic Radiance to your library.
  4376 | D:5      | Reached skill level 4 in Ice Magic
  4378 | D:5      | Reached skill level 6 in Transmutations
  4472 | D:5      | You pick up a book of Debilitation and begin reading...
  4472 | D:5      | You add the spells Slow and Confusing Touch to your
                  | library.
  4734 | D:6      | Reached skill level 5 in Unarmed Combat
  4740 | D:6      | Learned a level 5 spell: Blade Hands
  4770 | D:6      | You pick up a book of the Hunter and begin reading...
  4770 | D:6      | You add the spells Call Canine Familiar and Leda's
                  | Liquefaction to your library.
  4898 | D:6      | Found a hazy altar of Hepliaklqana.
  4899 | D:6      | Found a shimmering altar of Xom.
  4900 | D:6      | Noticed a spectral ugly thing
  4935 | D:6      | Noticed Grinder
  4945 | D:6      | Killed Grinder
  5154 | D:6      | Noticed Pikel
  5161 | D:6      | Killed Pikel
  5162 | D:6      | Reached skill level 5 in Spellcasting
  5162 | D:6      | Reached skill level 5 in Ice Magic
  5162 | D:6      | Gained mutation: You are partially covered in thin metallic
                  | scales. (AC +2) [demonic ancestry]
  5162 | D:6      | Reached XP level 9. HP: 35/59 MP: 10/16
  5259 | D:6      | Identified the +1 sling of the Sugar Beet {drain, rPois rF+
                  | Int+3}
  5298 | D:6      | Found a staircase to the Ecumenical Temple.
  5354 | D:6      | Reached skill level 7 in Transmutations
  5362 | Temple   | Entered the Ecumenical Temple
  5637 | D:6      | Found a sacrificial altar of Ru.
  5639 | D:6      | Found a broken altar of Ashenzari.
  5898 | D:7      | HP: 9/57 [wight/+4 morningstar of freezing (11)]
  5898 | D:7      | HP: 4/55 [wight/+4 morningstar of freezing (5)]
  5898 | D:7      | HP: 1/55 [wight/+4 morningstar of freezing (3)]
  5899 | D:7      | Slain by a wight

Vanquished Creatures
  Pikel (D:6)
  Grinder (D:6)
  Menkaure (D:5)
  2 water moccasins
  A centaur (D:7)
  2 ogres (D:5)
  A lemure (D:6)
  A kobold brigand (D:5)
  3 phantoms
  A necrophage (D:4)
  A bullfrog (D:7)
  Blork the orc (D:4)
  5 scorpions
  A howler monkey (D:5)
  A hound (D:5)
  An orc priest (D:3)
  10 iguanas
  An orc wizard (D:3)
  A mummy (D:7)
  3 gnolls (D:6)
  9 adders
  3 shadow imps
  3 white imps
  An ufetubus (D:5)
  3 worms
  3 dart slugs
  20 orcs
  4 bats
  9 endoplasms
  A giant cockroach (D:1)
  13 goblins
  7 hobgoblins
  8 jackals
  3 quokkas
  4 ball pythons
  5 frilled lizards
  3 kobolds
  10 rats
148 creatures vanquished.

Vanquished Creatures (others)
  2 demonic plants (D:7)
  3 plants (D:2)
  2 withered plants (D:2)
7 creatures vanquished.

Grand Total: 155 creatures vanquished

Table legend:
 A = Non-vault XP
 B = Vault XP
 C = Vault XP percentage of total XP
 D = Non-vault monster count
 E = Vault monster count
 F = Vault count percentage of total count
                 A         B        C        D         E       F
            +---------+---------+-------+---------+---------+-------
      Total |    1894 |    1966 |  50.9 |     115 |      32 |  21.8
            +---------+---------+-------+---------+---------+-------
        D:1 |      56 |       4 |   6.7 |      35 |       2 |   5.4
        D:2 |      27 |       0 |   0.0 |      12 |       0 |   0.0
        D:3 |     121 |       9 |   6.9 |      17 |       5 |  22.7
        D:4 |     349 |      85 |  19.6 |      15 |       1 |   6.2
        D:5 |     703 |     846 |  54.6 |      19 |      18 |  48.6
        D:6 |     436 |     971 |  69.0 |      15 |       2 |  11.8
        D:7 |     202 |      51 |  20.2 |       2 |       4 |  66.7
            +---------+---------+-------+---------+---------+-------

Illustrated notes

Table legend:
 A = Kills in this place as a percentage of kills in entire the game.
 B = Kills by you in this place as a percentage of kills by you in the entire game.
 C = Kills by friends in this place as a percentage of kills by friends in the entire game.
 D = Other kills in this place as a percentage of other kills in the entire game.
 E = Experience gained in this place as a percentage of experience gained in the entire game.
 F = Experience gained in this place divided by the number of levels of this place that you have seen.
                   A       B       C       D       E      F
               +-------+-------+-------+-------+-------+----------------------
         Total | 100.0 | 100.0 |   N/A |   N/A | 100.0 | 482.5
       Dungeon | 100.0 | 100.0 |   N/A |   N/A | 100.0 | 551.4
               +-------+-------+-------+-------+-------+----------------------

Table legend: (Time is in decaauts)
 A = Elapsed time spent in this place.
 B = Non-inter-level travel time spent in this place.
 C = Inter-level travel time spent in this place.
 D = Time resting spent in this place.
 E = Time spent auto-exploring this place.
 F = Levels seen in this place.
 G = Mean time per level.
                   A        B        C        D        E       F      G
               +--------+--------+--------+--------+--------+-----+--------+
         Total |   5851 |   5629 |    222 |    437 |   3921 |   8 |  731.4 |
       Dungeon |   5827 |   5617 |    210 |    437 |   3912 |   7 |  832.4 |
        Temple |     23 |     11 |     12 |      0 |      9 |   1 |   23.0 |
               +--------+--------+--------+--------+--------+-----+--------+

Top non-repeatable levels by time:
     D:6: 1178 daAuts
     D:2: 1077 daAuts
     D:5: 1052 daAuts
     D:1: 828 daAuts
     D:3: 752 daAuts
     D:4: 734 daAuts
     D:7: 203 daAuts
  Temple: 23 daAuts
